SA
SYRACUSE STORM @ DELAWARE 1787 BC
07/05/2041
 
TOP OF THE 1ST
Syracuse Storm batting - Pitching for Delaware 1787 BC : RHP Greg Ayala
Pitching: RHP Greg Ayala
Batting: LHB Bobby Verstraten 0-0: Ball
1-0: Ball
2-0: Ball
3-0: Called Strike
3-1: Swinging Strike
3-2: Base on Balls
Batting: LHB James Berry 0-0: DOUBLE (Groundball, 3L, EV 111.9 MPH)
Bobby Verstraten to third
Batting: RHB Julian Lemur 0-0: Ball
1-0: Swinging Strike
1-1: Ball
2-1: Foul Ball, location: 2F
2-2: 3-RUN HOME RUN (Flyball, 89XD, EV 96.9 MPH), Distance : 368 ft
Batting: LHB Russell Hamilton 0-0: Called Strike
0-1: Ball
1-1: Ball
2-1: Foul Ball, location: 2F
2-2: TRIPLE (Flyball, 89XD, EV 96.9 MPH)
Batting: RHB Dan Webb 0-0: Ball
1-0: Called Strike
1-1: Ball
2-1: Foul Ball, location: 2F
2-2: Strikes out swinging
Batting: RHB Emílio Pueblo 0-0: Fly out, F7 (Flyball, 7LS, EV 89.4 MPH)
Batting: LHB Nathan Shallcross 0-0: Ball
1-0: Ball
2-0: Ball
3-0: Called Strike
3-1: Called Strike
3-2: Ground out 1-3 (Groundball, P, EV 83.1 MPH)
Top of the 1st over - 3 runs, 3 hits, 0 errors, 1 left on base; Syracuse 3 - Delaware 0
BOTTOM OF THE 1ST
Delaware 1787 BC batting - Pitching for Syracuse Storm : RHP Jeff Davis
Pitching: RHP Jeff Davis
Batting: RHB Jaime López 0-0: Bunted foul
0-1: Ball
1-1: Ball
2-1: SINGLE (Line Drive, 4MD, EV 107.5 MPH)
Batting: RHB César Ferreira 0-0: Ball
1-0: Called Strike
1-1: Fly out, F8 (Flyball, 8RXD, EV 103.8 MPH)
Batting: LHB Joey Terry 0-0: 2-RUN HOME RUN (Flyball, 9D, EV 105.6 MPH), Distance : 354 ft
Batting: RHB Zhong-yan Zhang 0-0: Fly out, F4 (Line Drive, 4, EV 61.9 MPH)
Batting: RHB John Ingham 0-0: Ball
1-0: Called Strike
1-1: Ball
2-1: Foul Ball, location: 2F
2-2: Strikes out swinging
Bottom of the 1st over - 2 runs, 2 hits, 0 errors, 0 left on base; Syracuse 3 - Delaware 2
TOP OF THE 2ND
Syracuse Storm batting - Pitching for Delaware 1787 BC : RHP Greg Ayala
Batting: RHB Charlie Yaeger 0-0: Called Strike
0-1: Foul Ball, location: 2F
0-2: Foul Ball, location: 2F
0-2: Strikes out looking
Batting: RHB Ludwig Krassnig 0-0: Ball
1-0: Foul Ball, location: 2F
1-1: Ball
2-1: Called Strike
2-2: Ball
3-2: Strikes out swinging
Batting: LHB Bobby Verstraten 0-0: Called Strike
0-1: Ball
1-1: Foul Ball, location: 2F
1-2: Foul Ball, location: 2F
1-2: Foul Ball, location: 2F
1-2: Strikes out swinging
Top of the 2nd over - 0 runs, 0 hits, 0 errors, 0 left on base; Syracuse 3 - Delaware 2
BOTTOM OF THE 2ND
Delaware 1787 BC batting - Pitching for Syracuse Storm : RHP Jeff Davis
Batting: RHB Justin Schock 0-0: Ground out 4-3 (Groundball, 4, EV 96.2 MPH)
Batting: RHB Walt Reed 0-0: Ball
1-0: Ball
2-0: Called Strike
2-1: Fly out, F9 (Line Drive, 9D, EV 93.1 MPH)
Batting: LHB Luis Concepción 0-0: DOUBLE (Line Drive, 78M, EV 106.9 MPH)
Batting: SHB Luis Miguel Garza 0-0: DOUBLE (Line Drive, 3D, EV 95.6 MPH)
Luis Concepción scores
Batting: RHB Jaime López 0-0: Called Strike
0-1: Ground out 1-3 (Groundball, 34S, EV 74.4 MPH)
Bottom of the 2nd over - 1 run, 2 hits, 0 errors, 1 left on base; Syracuse 3 - Delaware 3
TOP OF THE 3RD
Syracuse Storm batting - Pitching for Delaware 1787 BC : RHP Greg Ayala
Pitching: RHP Kenneth Knapp
Batting: LHB James Berry 0-0: Ball
1-0: Called Strike
1-1: Foul Ball, location: 2F
1-2: Ball
2-2: Strikes out swinging
Batting: RHB Julian Lemur 0-0: Foul Ball, location: 2F
0-1: Ball
1-1: Swinging Strike
1-2: Ball
2-2: Strikes out looking
Batting: LHB Russell Hamilton 0-0: Called Strike
0-1: Ball
1-1: Foul Ball, location: 2F
1-2: Ground out 1-3 (Groundball, 13S, EV 70.0 MPH)
Top of the 3rd over - 0 runs, 0 hits, 0 errors, 0 left on base; Syracuse 3 - Delaware 3
BOTTOM OF THE 3RD
Delaware 1787 BC batting - Pitching for Syracuse Storm : RHP Jeff Davis
Batting: RHB César Ferreira 0-0: Ball
1-0: Called Strike
1-1: Fly out, F4 (Popup, 34S, EV 81.9 MPH)
Batting: LHB Joey Terry 0-0: Ball
1-0: Called Strike
1-1: Called Strike
1-2: Strikes out swinging
Batting: RHB Zhong-yan Zhang 0-0: Ball
1-0: Fly out, F4 (Popup, 34S, EV 86.9 MPH)
Bottom of the 3rd over - 0 runs, 0 hits, 0 errors, 0 left on base; Syracuse 3 - Delaware 3
TOP OF THE 4TH
Syracuse Storm batting - Pitching for Delaware 1787 BC : RHP Kenneth Knapp
Batting: RHB Dan Webb 0-0: Called Strike
0-1: Foul Ball, location: 2F
0-2: Foul Ball, location: 2F
0-2: SINGLE (Line Drive, 78M, EV 94.4 MPH)
Batting: RHB Emílio Pueblo 0-0: Ball
Dan Webb steals 2nd base
1-0: Ball
2-0: Called Strike
2-1: Called Strike
2-2: SINGLE (Groundball, 6MD, EV 96.9 MPH)
Dan Webb to third
Runner from 3rd tries for Home, SAFE, no throw by CF
Batting: LHB Nathan Shallcross 0-0: Called Strike
0-1: SINGLE (Groundball, 34S, EV 65.0 MPH) (infield hit)
Emílio Pueblo to second
Batting: RHB Charlie Yaeger 0-0: Foul Ball, location: 2F
0-1: Foul Ball, location: 2F
0-2: Ball
1-2: Ball
2-2: Ball
3-2: Fly out, F4 (Popup, 34S, EV 80.6 MPH)
Batting: RHB Ludwig Krassnig 0-0: Ball
1-0: Ball
2-0: Called Strike
2-1: Foul Ball, location: 2F
2-2: Ball
3-2: Strikes out looking
Batting: LHB Bobby Verstraten 0-0: Ball
1-0: Ball
2-0: Called Strike
2-1: Called Strike
Emílio Pueblo is caught stealing 3rd base 2-5
Top of the 4th over - 1 run, 3 hits, 0 errors, 1 left on base; Syracuse 4 - Delaware 3
BOTTOM OF THE 4TH
Delaware 1787 BC batting - Pitching for Syracuse Storm : RHP Jeff Davis
Batting: RHB John Ingham 0-0: Foul Ball, location: 2F
0-1: Foul Ball, location: 2F
0-2: Ball
1-2: Ball
2-2: Fly out, F8 (Flyball, 8LXD, EV 98.8 MPH)
Batting: RHB Justin Schock 0-0: Ball
1-0: Foul Ball, location: 2F
1-1: Ball
2-1: Ball
3-1: Foul Ball, location: 2F
3-2: Base on Balls
Batting: RHB Walt Reed 0-0: SINGLE (Groundball, 56S, EV 63.8 MPH) (infield hit)
Justin Schock to second
Batting: LHB Luis Concepción 0-0: Ball
1-0: Swinging Strike
1-1: SINGLE (Groundball, 56D, EV 97.5 MPH)
Justin Schock to third
Walt Reed to second
Batting: SHB Luis Miguel Garza 0-0: Called Strike
0-1: Called Strike
0-2: Ball
1-2: Strikes out looking
Batting: RHB Jaime López 0-0: SINGLE (Groundball, 6MD, EV 96.2 MPH)
Justin Schock scores
Walt Reed to third
Luis Concepción to second
Runner from 3rd tries for Home, SAFE, no throw by CF
Batting: RHB César Ferreira 0-0: Ball
1-0: Fly out, F8 (Line Drive, 8RM, EV 98.8 MPH)
Bottom of the 4th over - 2 runs, 3 hits, 0 errors, 2 left on base; Syracuse 4 - Delaware 5
TOP OF THE 5TH
Syracuse Storm batting - Pitching for Delaware 1787 BC : RHP Kenneth Knapp
Batting: LHB Bobby Verstraten 0-0: Called Strike
0-1: Foul Ball, location: 2F
0-2: Fly out, F2 (Popup, 5SF, EV 87.5 MPH)
Batting: LHB James Berry 0-0: Foul Ball, location: 2F
0-1: Ball
1-1: Ball
2-1: Ball
3-1: SINGLE (Line Drive, 8RS, EV 97.5 MPH)
Batting: RHB Julian Lemur 0-0: Ball
1-0: Ball
2-0: Called Strike
2-1: Ball
3-1: Foul Ball, location: 2F
3-2: DOUBLE (Flyball, 89XD, EV 106.9 MPH)
James Berry to third
Pitching: RHP Carlos Cabael
Batting: LHB Russell Hamilton 0-0: Ball
Wild Pitch!
James Berry scores
Julian Lemur to third
1-0: Foul Ball, location: 2F
1-1: Foul Ball, location: 2F
1-2: Foul Ball, location: 2F
1-2: Strikes out swinging
Batting: RHB Dan Webb 0-0: Called Strike
0-1: Foul Ball, location: 2F
0-2: Strikes out looking
Top of the 5th over - 1 run, 2 hits, 0 errors, 1 left on base; Syracuse 5 - Delaware 5
BOTTOM OF THE 5TH
Delaware 1787 BC batting - Pitching for Syracuse Storm : RHP Jeff Davis
Batting: LHB Joey Terry 0-0: Foul Ball, location: 2F
0-1: Ball
1-1: Foul Ball, location: 2F
1-2: Strikes out swinging
Batting: RHB Zhong-yan Zhang 0-0: Called Strike
0-1: Called Strike
0-2: Ball
1-2: Strikes out swinging
Batting: RHB John Ingham 0-0: SINGLE (Line Drive, 4D, EV 111.2 MPH)
Batting: RHB Justin Schock 0-0: Ball
1-0: Fly out, F8 (Flyball, 8LXD, EV 105.6 MPH)
Bottom of the 5th over - 0 runs, 1 hit, 0 errors, 1 left on base; Syracuse 5 - Delaware 5
TOP OF THE 6TH
Syracuse Storm batting - Pitching for Delaware 1787 BC : RHP Carlos Cabael
Batting: RHB Emílio Pueblo 0-0: Ground out 6-3 (Groundball, 6, EV 85.6 MPH)
Batting: LHB Nathan Shallcross 0-0: SINGLE (Line Drive, 9S, EV 95.6 MPH)
Batting: RHB Charlie Yaeger 0-0: Ball
1-0: Ground out 5-3 (Groundball, 56S, EV 85.0 MPH)
Nathan Shallcross to second
Batting: RHB Ludwig Krassnig 0-0: Ball
1-0: Foul Ball, location: 2F
1-1: Ball
2-1: Foul Ball, location: 2F
2-2: Foul Ball, location: 2F
2-2: Ground out 1-3 (Groundball, 13, EV 91.9 MPH)
Top of the 6th over - 0 runs, 1 hit, 0 errors, 1 left on base; Syracuse 5 - Delaware 5
BOTTOM OF THE 6TH
Delaware 1787 BC batting - Pitching for Syracuse Storm : RHP Jeff Davis
Batting: RHB Walt Reed 0-0: Ball
1-0: Called Strike
1-1: Foul Ball, location: 2F
1-2: Fly out, F7 (Flyball, 7S, EV 85.0 MPH)
Batting: LHB Luis Concepción 0-0: Ground out 6-3 (Groundball, 4M, EV 78.8 MPH)
Batting: SHB Luis Miguel Garza 0-0: Ball
1-0: Called Strike
1-1: Ball
2-1: Swinging Strike
2-2: Strikes out looking
Bottom of the 6th over - 0 runs, 0 hits, 0 errors, 0 left on base; Syracuse 5 - Delaware 5
TOP OF THE 7TH
Syracuse Storm batting - Pitching for Delaware 1787 BC : RHP Carlos Cabael
Batting: LHB Bobby Verstraten 0-0: Called Strike
0-1: Foul Ball, location: 2F
0-2: Ball
1-2: Ball
2-2: Ground out 4-3 (Groundball, 4, EV 91.2 MPH)
Batting: LHB James Berry 0-0: Called Strike
0-1: Ball
1-1: Fly out, F7 (Flyball, 78S, EV 81.9 MPH)
Batting: RHB Julian Lemur 0-0: Fly out, F8 (Flyball, 8LD, EV 91.2 MPH)
Top of the 7th over - 0 runs, 0 hits, 0 errors, 0 left on base; Syracuse 5 - Delaware 5
BOTTOM OF THE 7TH
Delaware 1787 BC batting - Pitching for Syracuse Storm : RHP Jeff Davis
Batting: RHB Jaime López 0-0: Foul Ball, location: 2F
0-1: Swinging Strike
0-2: Ball
1-2: Ball
2-2: Strikes out swinging
Batting: RHB César Ferreira 0-0: Ball
1-0: Fly out, F7 (Flyball, 7LM, EV 95.6 MPH)
Batting: LHB Joey Terry 0-0: Ball
1-0: Ball
2-0: Ground out 6-3 (Groundball, 6, EV 82.5 MPH)
Bottom of the 7th over - 0 runs, 0 hits, 0 errors, 0 left on base; Syracuse 5 - Delaware 5
TOP OF THE 8TH
Syracuse Storm batting - Pitching for Delaware 1787 BC : RHP Carlos Cabael
Batting: LHB Russell Hamilton 0-0: Foul Ball, location: 2F
0-1: Swinging Strike
0-2: Foul Ball, location: 2F
0-2: Ball
1-2: Ball
2-2: Foul Ball, location: 2F
2-2: SINGLE (Groundball, 4, EV 101.2 MPH) (infield hit)
Pitching: LHP Carlos Carrillo
Batting: RHB Dan Webb 0-0: Ball
1-0: Called Strike
1-1: Called Strike
1-2: Strikes out swinging
Batting: RHB Emílio Pueblo 0-0: Ball
1-0: Called Strike
1-1: Foul Ball, location: 2F
1-2: Strikes out swinging
Batting: LHB Nathan Shallcross 0-0: Ball
1-0: Foul Ball, location: 2F
1-1: Ball
2-1: Called Strike
2-2: Strikes out swinging
Top of the 8th over - 0 runs, 1 hit, 0 errors, 1 left on base; Syracuse 5 - Delaware 5
BOTTOM OF THE 8TH
Delaware 1787 BC batting - Pitching for Syracuse Storm : RHP Jeff Davis
Batting: RHB Zhong-yan Zhang 0-0: Called Strike
0-1: Ball
1-1: Fly out, F9 (Flyball, 9LS, EV 92.5 MPH)
Batting: RHB John Ingham 0-0: Ball
1-0: Foul Ball, location: 2F
1-1: Foul Ball, location: 2F
1-2: Strikes out swinging
Batting: RHB Justin Schock 0-0: Ball
1-0: Called Strike
1-1: Reached on error, E3 (Groundball, 3, EV 84.4 MPH)
Batting: RHB Walt Reed 0-0: Called Strike
0-1: Ball
1-1: Swinging Strike
1-2: Strikes out swinging
Bottom of the 8th over - 0 runs, 0 hits, 1 error, 1 left on base; Syracuse 5 - Delaware 5
TOP OF THE 9TH
Syracuse Storm batting - Pitching for Delaware 1787 BC : LHP Carlos Carrillo
Batting: RHB Charlie Yaeger 0-0: Ball
1-0: Ground out 5-3 (Groundball, 5S, EV 88.1 MPH)
Pinch Hitting: SHB Alejandro De La Cerdo 0-0: Called Strike
0-1: SINGLE (Groundball, 4MD, EV 95.0 MPH)
Batting: LHB Bobby Verstraten 0-0: Ball
1-0: Ball
2-0: Ball
3-0: Base on Balls
Alejandro De La Cerdo to second
Batting: LHB James Berry 0-0: SINGLE (Flyball, 9LS, EV 91.9 MPH)
Alejandro De La Cerdo to third
Bobby Verstraten to second
Batting: RHB Julian Lemur 0-0: SINGLE (Line Drive, 78S, EV 92.5 MPH)
Alejandro De La Cerdo scores
Bobby Verstraten to third
James Berry to second
Batting: LHB Russell Hamilton 0-0: Ball
1-0: Foul Ball, location: 2F
1-1: Called Strike
1-2: Foul Ball, location: 2F
1-2: Ball
2-2: Ball
3-2: Strikes out swinging
Batting: RHB Dan Webb 0-0: GRAND SLAM HOME RUN (Flyball, 7D, EV 105.0 MPH), Distance : 406 ft
Pitching: RHP Ron Plummer
Batting: RHB Emílio Pueblo 0-0: Foul Ball, location: 2F
0-1: Ball
1-1: Swinging Strike
1-2: Strikes out looking
Top of the 9th over - 5 runs, 4 hits, 0 errors, 0 left on base; Syracuse 10 - Delaware 5
BOTTOM OF THE 9TH
Delaware 1787 BC batting - Pitching for Syracuse Storm : RHP Jeff Davis
Now at C: Randy Baker
Batting: LHB Luis Concepción 0-0: Ball
1-0: Ball
2-0: DOUBLE (Flyball, 8LD, EV 99.4 MPH)
Pitching: LHP Dan Ferrell
Batting: SHB Luis Miguel Garza 0-0: Called Strike
0-1: SINGLE (Groundball, 6D, EV 106.9 MPH)
Luis Concepción to third
Batting: RHB Jaime López 0-0: Ball
1-0: Ball
2-0: Foul Ball, location: 2F
2-1: Called Strike
2-2: Ball
3-2: Base on Balls
Luis Miguel Garza to second
Pitching: RHP Dave Miller
Batting: RHB César Ferreira 0-0: Foul Ball, location: 2F
0-1: Ball
1-1: Swinging Strike
1-2: Foul Ball, location: 2F
1-2: Grounds into double play, 5-4-3 (Groundball, 56, EV 89.4 MPH)
Luis Concepción scores
Luis Miguel Garza to third
Batting: LHB Joey Terry 0-0: Called Strike
0-1: Ball
1-1: Foul Ball, location: 2F
1-2: Strikes out swinging
Bottom of the 9th over - 1 run, 2 hits, 0 errors, 1 left on base; Syracuse 10 - Delaware 6
Tuesday, January 5th, 2021 - OOTP Baseball 20.8 Build 74